Map: Ulrena

Players

zidar - Winner!

  • Race: Zerg Zerg
  • League: Silver
  • Spawn Location: 11:00

bydefault

  • Race: Zerg Zerg
  • League: Bronze
  • Spawn Location: 7:00

VOD

Have the link to the VOD?

Description

Time

  • Played on: Jan. 3, 2016, 2:49 p.m.
  • Length: 4:41
Show
View Real Time Build Order
Export as new Build Order

zidar Zerg - Winner!

Build Orders: Pool Only 

Get SALT Encoding   

  12  0:02  Drone  
  13  0:08  Drone  
  14  0:28  Spawning Pool  
  14  0:30  Drone  
  14  0:34  Extractor  
  13  0:35  Drone  
  14  0:44  Overlord  
  14  1:16  Queen, Zergling x2  
  17  1:18  Zergling x2  
  17  1:19  Zergling x2  
  19  1:31  Zergling x2  
  20  1:48  Zergling x2  
  20  1:51  Metabolic Boost  
  21  2:13  Zergling x2  
  22  2:16  Overlord x2  
  22  2:36  Zergling x2  
  22  2:37  Zergling x6  
  21  3:13  Roach Warren  
  21  3:17  Zergling x6  
  23  3:34  Zergling x2  
  23  3:39  Zergling x2  
  23  3:40  Zergling x2  
  26  3:42  Zergling x2  
  27  4:06  Roach  
  27  4:07  Roach  
Show
View Real Time Build Order
Export as new Build Order

bydefault Zerg 

Build Orders: Hatch First 

Get SALT Encoding   

  12  0:20  Drone x2  
  14  0:41  Hatchery  
  14  0:42  Drone  
  14  1:07  Spawning Pool  
  13  1:17  Extractor  
  12  1:18  Drone  
  12  1:19  Overlord  
  12  1:20  Drone  
  14  1:42  Drone x2  
  16  1:58  Overlord  
  16  2:08  Zergling x6  
  19  2:10  Queen  
  21  2:35  Zergling x2  
  21  2:36  Zergling x8  
  26  2:50  Zergling x2  
  26  2:51  Zergling x4  
  26  3:11  Drone x2  
  26  3:12  Overlord x2  
  28  3:16  Metabolic Boost  
  28  3:30  Queen  
  28  3:33  Drone  
  28  3:34  Drone x3  
  32  4:01  Roach Warren  
  31  4:03  Drone x2  
  31  4:05  Evolution Chamber  
  32  4:22  Zergling x2  
  32  4:23  Zergling x10  
Tags
 
Matchup
ZvZ
Race
Zerg
Spawn Locations
Close Positions
Add a new tag
Caveats
  • Supply blocks, unpowered buildings, or Contaminate may cause inaccurate times.
  • Supply counts are checked every 10 seconds.